 Dungeon Crawl Stone Soup version 0.31-a0-845-g9abc20d24f (webtiles) character file.

Game seed: 1011143721186792896

44 Opifex the Trooper (level 3, -2/33 HPs)
             Began as a Draconian Chaos Knight on Oct 3, 2023.
             Was a Plaything of Xom.
             Slain by Terence the fire crab (shapeshifter) (9 damage)
             ... on level 2 of the Dungeon.
             The game lasted 00:02:43 (1159 turns).

Opifex the Trooper (Draconian Chaos Knight)         Turns: 1159, Time: 00:02:44

Health: -2/33      AC:  5    Str: 16    XL:     3   Next: 39%
Magic:  3/3        EV: 12    Int: 12    God:    Xom [....*.]
Gold:   50         SH:  0    Dex: 10    Spells: 2/2 levels left

rFire   . . .        a - +0 mace (chaos)
rCold   . . .        (no shield)
rNeg    . . .        (body armour unavailable)
rPois   .            (helmet restricted)
rElec   .            (no cloak)
rCorr   .            (no gloves)
SInv    .            (no boots)
Will    .....        (no amulet)
Stlth   +            (no ring)
HPRegen 0.25/turn    (no ring)
MPRegen 0.08/turn

%: no passive effects
@: no status effects
A: AC +5, unfitting armour, cold-blooded
a: Renounce Religion


You were on level 2 of the Dungeon.
You worshipped Xom.
You were a beloved toy of Xom.
You visited 1 branch of the dungeon, and saw 2 of its levels.

You collected 50 gold pieces.

Inventory:

Hand Weapons
 a - a +0 mace of chaos (weapon)
Jewellery
 e - a ring of ice
 f - a ring of wizardry
Scrolls
 b - a scroll of butterflies
 c - 2 scrolls of identify
 d - a scroll of poison {unknown}
Potions
 g - 2 potions of curing {unknown}
 h - a potion of heal wounds
 i - a potion of lignification {unknown}
 j - a potion of invisibility {unknown}


   Skills:
 + Level 3.9 Fighting
 + Level 3.7 Maces & Flails
 + Level 2.5 Dodging


You had 2 spell levels left.
You didn't know any spells.
Your spell library contained the following spells:

 Spells                   Type           Power      Damage    Failure   Level
 Magic Dart               Conj           0%         1d3       32%         1
 Slow                     Hex            0%         N/A       32%         1
 Searing Ray              Conj           0%         2d4       45%         2
 Confusing Touch          Hex            0%         N/A       69%         3
 Sigil of Binding         Hex            0%         N/A       69%         3
 Vampiric Draining        Necr           0%         2d6       69%         3
 Volatile Blastmotes      Fire/Tloc      0%         2d10      69%         3
 Fulminant Prism          Conj/Hex       0%         3d5       97%         4
 Iskenderun's Mystic Bla  Conj/Tloc      0%         2d3       97%         4


Dungeon Overview and Level Annotations

Branches:
Dungeon (2/15)

Altars:

Annotations:
D:2 Terence


Innate Abilities, Weirdness & Mutations

Your plain brown scales are hard. (AC +5)
You cannot fit into any form of body armour.
You are cold-blooded and may be slowed by cold attacks.


Message History

Terence shouts!
An adder comes into view.
A frilled lizard comes into view.
A hobgoblin comes into view.
The frilled lizard hisses angrily.
The adder hisses angrily.
The frilled lizard hisses.
A goblin comes into view. It is wielding a +0 club.
A hobgoblin comes into view.
The hobgoblin shouts!
The hobgoblin shouts!
Terence says, "Don't bother to defend, it's pointless."
The frilled lizard unfolds its giant frill.
The adder attacks as it pursues you! The adder misses you.
The adder attacks as it pursues you! The adder barely misses you.
You barely miss the adder. The adder closely misses you.
The adder barely misses you.
You closely miss the adder. The adder closely misses you. The adder bites you.
You hit the adder. Your punch misses the adder.
The adder is heavily wounded.
The adder bites you but does no damage.
You miss the adder.
Your tail-slap misses the adder.
The adder is heavily wounded.
The adder barely misses you. x2
You hit the adder.
The adder is poisoned.
You tail-slap the adder.
You kill the adder!
Terence hits you with a +0 hand axe.
You barely miss Terence. Terence hits you but does no damage.
You hit Terence.
Terence changes into a shapeshifter!
Xom thinks this is hilarious!
Terence the shapeshifter changes into a fire crab!
You barely miss Terence.
You tail-slap Terence, but do no damage.
Terence barely misses you. Terence claws you!
A shower of butterflies erupts from you!
You are engulfed in flames!
* * * LOW HITPOINT WARNING * * *
You barely miss Terence.
Your tail-slap misses Terence.
Terence bites you.
* * * LOW HITPOINT WARNING * * *
You are engulfed in flames!
You die...
Xom chortles!

....#.#####...#..########.
...#.# ###.#..# #.
#.####gg#.# #.#..# #.
.......l#g# #.#..########.
#...@.# #.#.......^...
#.....# ##.#.#########.
#.....# ##....# #.
#....g#####.b...## #.
#....lggt@bb.....# #####.
#.#########..b..## #...†.
#. ##...## #.#### #. ##.##
#.##.. #. #.# ###.##.# #.#
#....... #.# #.#..... .#
#.#..#.# #.#..#.#


You could see Terence the fire crab shaped shifter (ally target), 2 hobgoblins,
a goblin and a frilled lizard.

Vanquished Creatures
  An adder (D:2)
  A dart slug (D:2)
  5 endoplasms
  2 giant cockroaches (D:1)
  3 goblins
  3 hobgoblins
  2 quokkas
  4 ball pythons (D:1)
  A bat (D:1)
  2 frilled lizards (D:1)
  4 kobolds
  5 rats (D:1)
33 creatures vanquished.

Notes
Turn   | Place    | Note
-------+----------+-------------------------------------------
     0 | D:1      | Opifex the Draconian Chaos Knight began the quest for the
                  | Orb.
     0 | D:1      | Reached XP level 1. HP: 19/19 MP: 1/1
   118 | D:1      | Reached XP level 2. HP: 24/26 MP: 2/2
   223 | D:1      | XOM: divination: detect items
   300 | D:1      | XOM: divination: detect items
   387 | D:1      | XOM: divination: detect creatures
   984 | D:2      | Reached XP level 3. HP: 33/33 MP: 3/3
  1101 | D:2      | Found a faded altar of an unknown god.
  1141 | D:2      | Noticed Terence
  1157 | D:2      | Terence changed into Terence the shapeshifter
  1157 | D:2      | Noticed Terence (shapeshifter)
  1157 | D:2      | Terence the shapeshifter changed into Terence the fire crab
  1157 | D:2      | Noticed Terence (shapeshifter)
  1158 | D:2      | XOM: butterfly on damage
  1159 | D:2      | Slain by Terence the fire crab (shapeshifter)

Illustrated notes

Levels and vault maps discovered:
D:1:      scummos_arrival_star, layout_basic
D:2:      layout_loops_ring, shapermc_ecumenical_altar_pompeii,
          chequers_decorated_corner, minmay_tiny_reverse_x, uniq_terence,
          uniq_robin

Action                     || total
---------------------------++-------
  Melee: Mace              ||    82
         Tailslap          ||    18
         Punch             ||     1
    Use: Scroll            ||     3
 Armour: Skin              ||    45
  Dodge: Dodged            ||    70

Table legend: (Time is in decaauts)
 A = Elapsed time spent in this place.
 B = Non-inter-level travel time spent in this place.
 C = Inter-level travel time spent in this place.
 D = Time resting spent in this place.
 E = Time spent auto-exploring this place.
 F = Levels seen in this place.
 G = Mean time per level.
                   A        B        C        D        E       F      G
               +--------+--------+--------+--------+--------+-----+--------+
         Total |   1180 |   1147 |     33 |      0 |    874 |   2 |  590.0 |
       Dungeon |   1180 |   1147 |     33 |      0 |    874 |   2 |  590.0 |
               +--------+--------+--------+--------+--------+-----+--------+

Top non-repeatable levels by time:
     D:1: 915 daAuts
     D:2: 265 daAuts
